 Dungeon Crawl Stone Soup version 0.21-a0-414-gba8bdf1 (webtiles) character file.

2985 Ijustatesigmund the Cleaver (level 9, -1/84 HPs)
             Began as a Hill Orc Fighter on Nov 2, 2017.
             Slain by a slime creature (12 damage)
             ... on level 7 of the Dungeon.
             The game lasted 00:17:02 (7617 turns).

Ijustatesigmund the Cleaver (Hill Orc Fighter)      Turns: 7617, Time: 00:17:02

Health: -1/84      AC: 12    Str: 19    XL:     9   Next: 83%
Magic:  9/9        EV: 15    Int:  8    God:
Gold:   280        SH:  8    Dex: 23    Spells: 8/8 levels left

rFire    + . .     SeeInvis .   a - +0 war axe
rCold    + . .     Gourm    .   d - +1 buckler of Reason {Dex+3}
rNeg     . . .     Faith    .   l - +2 ring mail {rC+}
rPois    +         Spirit   .   (helmet restricted)
rElec    .         Reflect  .   g - +1 cloak
rCorr    .         Harm     .   n - +1 pair of gloves
MR       .....                  (no boots)
Stlth    ++........             (no amulet)
HPRegen  0.24/turn              i - ring of protection from fire
MPRegen  0.11/turn              r - ring of poison resistance

@: agile
A: antennae 1, beak, agile 1
a: no special abilities


You were on level 7 of the Dungeon.
You were not hungry.

You visited 1 branch of the dungeon, and saw 7 of its levels.

You collected 354 gold pieces.
You spent 74 gold pieces at shops.

Inventory:

Hand Weapons
 a - a +0 war axe (weapon)
 y - a +2 hand axe of flaming
Armour
 c - a +0 shield
 d - the +1 buckler of Reason (worn) {Dex+3}
   (You found it on level 4 of the Dungeon)

   It affects your dexterity (+3).
 g - a +1 cloak (worn)
 l - a +2 ring mail of cold resistance (worn)
 n - a +1 pair of gloves (worn)
Jewellery
 i - a ring of protection from fire (left hand)
 j - an uncursed ring of resist corrosion
 p - an uncursed ring of protection from cold
 r - a ring of poison resistance (right hand)
Wands
 b - a wand of disintegration (11/24)
 e - a wand of flame (29/48)
 t - a wand of scattershot (3/9)
 v - a wand of lightning (10/15)
 w - a wand of random effects (0/48)
Scrolls
 o - 4 scrolls of remove curse
 q - a scroll of enchant armour
 z - a scroll of magic mapping
Potions
 s - a potion of flight
 x - 2 potions of cancellation
Comestibles
 f - 12 bread rations
 h - 3 meat rations
 k - 4 fruits
 m - a royal jelly


   Skills:
 + Level 9.6 Fighting
 + Level 11.2 Axes
 - Level 5.9 Armour
 + Level 6.8 Shields


You had 8 spell levels left.
You didn't know any spells.

Dungeon Overview and Level Annotations

Branches:
Dungeon (7/15)             Temple (0/1) D:5

Altars:
Gozag
Kikubaaqudgha
Ru
Trog

Shops:
D:6 *


Innate Abilities, Weirdness & Mutations

You have a pair of small antennae on your head.
You have a beak for a mouth.
You are agile. (Dex +2)


Message History

The slime creature is lightly wounded.
You slash the slime creature!
The slime creature completely misses you.
The slime creature barely misses you.
You hit the slime creature but do no damage.
You peck the slime creature.
The slime creature is severely wounded.
Your ring mail prevents you from hitting the slime creature.
The slime creature closely misses you. x2
You hit the slime creature but do no damage.
The slime creature is heavily wounded.
You slash the slime creature! The slime creature misses you.
The slime creature hits you but does no damage.
You slash the slime creature! You peck the slime creature.
The slime creature is almost dead.
You hit the slime creature. The slime creature hits you!
* * * LOW HITPOINT WARNING * * *
The slime creature misses you. The slime creature hits you!
You die...

#...###._.###
#(...........
....#.......###
#...J........
.#..#.).#...#.#
#........#+##
.#..#...#...#.#
#####....)...#
.#..'#######'.#
#.†..........#
.#......#.....#
#.############
.##.....#..##.# #.#
........#.....###.######
.###.#..#..#....@JJ....#
.###....#..#.####......#
...##...#..#.####.###..#
.)......#..'.##...## ..(
.#.###..##.#.##....##.
.# .#)#
#..........._..... #
.#.###.###....##....##.#
..............###...#
....##.###.#..###.###


You could see 2 slime creatures.

Vanquished Creatures
  A troll (D:7)
  2 slime creatures (D:7)
  A spriggan (D:7)
  Eustachio (D:5)
  Menkaure (D:5)
  A water moccasin (D:6)
  3 orc warriors
  An ice beast (D:6)
  A phantom (D:4)
  A centaur (D:6)
  A gnoll sergeant (D:5)
  3 scorpions
  A bullfrog zombie (D:7)
  A crimson imp (D:5)
  2 jellies
  A centaur zombie (D:6)
  A hound (D:5)
  2 orc priests
  5 orc wizards
  A centaur skeleton (D:6)
  A bullfrog skeleton (D:5)
  Crazy Yiuf (D:5)
  Jessica (D:2)
  9 worker ants
  Natasha (thrice) (D:2)
  A killer bee zombie (D:6)
  Robin (D:2)
  7 gnolls
  A howler monkey skeleton (D:4)
  9 adders
  3 shadow imps
  2 oozes
  A dart slug (D:3)
  2 worms
  6 leopard geckos
  12 orcs
  2 ball pythons
  15 giant cockroaches
  11 goblins
  11 hobgoblins
  14 jackals (D:1)
  3 quokkas
  7 bats
  2 frilled lizards
  A giant cockroach zombie (D:5)
  10 kobolds
  A quokka zombie (D:5)
  9 rats
177 creatures vanquished.

Notes
Turn   | Place    | Note
-------+----------+-------------------------------------------
     0 | D:1      | Ijustatesigmund the Hill Orc Fighter began the quest for the Orb.
     0 | D:1      | Reached XP level 1. HP: 19/19 MP: 1/1
    24 | D:1      | Reached skill level 3 in Axes
    52 | D:1      | Reached XP level 2. HP: 22/26 MP: 2/2
   160 | D:1      | Reached skill level 4 in Axes
   193 | D:1      | Reached XP level 3. HP: 12/31 MP: 3/3
   639 | D:1      | Reached skill level 5 in Axes
   993 | D:2      | Reached XP level 4. HP: 26/39 MP: 4/4
  1227 | D:2      | Found a bloodstained altar of Trog.
  1356 | D:2      | Reached skill level 6 in Axes
  1486 | D:2      | Noticed Natasha
  1486 | D:2      | Noticed Jessica
  1503 | D:2      | Killed Natasha
  1526 | D:2      | Killed Jessica
  1526 | D:2      | Reached XP level 5. HP: 33/46 MP: 5/5
  1552 | D:2      | Noticed Natasha
  1556 | D:2      | Killed Natasha
  1819 | D:2      | Noticed Robin
  1830 | D:2      | Killed Robin
  1952 | D:2      | Noticed Natasha
  1962 | D:2      | Killed Natasha
  1962 | D:2      | Reached skill level 7 in Axes
  1962 | D:2      | Reached XP level 6. HP: 8/55 MP: 6/6
  2752 | D:3      | Reached skill level 5 in Fighting
  3215 | D:4      | Gained mutation: Your spells are a little harder to cast, but a little more powerful. [potion of mutation]
  3215 | D:4      | Gained mutation: You have a beak for a mouth. [potion of mutation]
  3215 | D:4      | Gained mutation: Your mind is acute. (Int +2) [potion of mutation]
  3624 | D:4      | Noticed a phantom
  3690 | D:4      | Killed a phantom
  3690 | D:4      | Reached XP level 7. HP: 32/61 MP: 7/7
  3911 | D:4      | Got a bloodstained buckler
  3922 | D:4      | Identified the +1 buckler of Reason {Dex+3} (You found it on level 4 of the Dungeon)
  3977 | D:4      | Reached skill level 8 in Axes
  3977 | D:4      | Reached skill level 5 in Armour
  4354 | D:5      | Entered Level 5 of the Dungeon
  4412 | D:5      | Found a staircase to the Ecumenical Temple.
  4564 | D:5      | Noticed Eustachio
  4582 | D:5      | Killed Eustachio
  4582 | D:5      | Reached XP level 8. HP: 63/71 MP: 8/8
  4783 | D:5      | Reached skill level 9 in Axes
  4900 | D:5      | Noticed Menkaure
  4909 | D:5      | Killed Menkaure
  5291 | D:5      | Found a runed door.
  5295 | D:5      | Noticed Crazy Yiuf
  5299 | D:5      | Killed Crazy Yiuf
  5634 | D:6      | Found Hairuzur's Assorted Antiques.
  5643 | D:6      | Bought a scroll labeled XATANNAJEWK for 19 gold pieces
  5643 | D:6      | Bought a scroll labeled TOGEICW CECEUSM for 19 gold pieces
  5643 | D:6      | Bought a yellow potion for 17 gold pieces
  5643 | D:6      | Bought a scroll labeled XAMEMA TIYM for 19 gold pieces
  5767 | D:6      | Reached XP level 9. HP: 12/81 MP: 9/9
  6098 | D:6      | Reached skill level 10 in Axes
  6098 | D:6      | Reached skill level 5 in Shields
  6293 | D:6      | Found an opulent altar of Gozag.
  7030 | D:7      | Noticed a troll
  7040 | D:7      | Killed a troll
  7121 | D:7      | Found a sacrificial altar of Ru.
  7378 | D:7      | Lost mutation: Your spells are a little harder to cast, but a little more powerful. [potion of mutation]
  7378 | D:7      | Lost mutation: Your mind is acute. (Int +2) [potion of mutation]
  7378 | D:7      | Gained mutation: You are agile. (Dex +2) [potion of mutation]
  7378 | D:7      | Gained mutation: You have a pair of small antennae on your head. [potion of mutation]
  7383 | D:7      | Found an ancient bone altar of Kikubaaqudgha.
  7606 | D:7      | Reached skill level 11 in Axes
  7617 | D:7      | Slain by a slime creature

Vault maps used:
D:1:      onia_arrival_larder
D:2:      lightli_temple_of_fire, uniq_jessica, uniq_natasha, uniq_robin
D:3:      hangedman_decor_push
D:5:      temple_fountains, first_bread, kennysheep_small_circle, uniq_menkaure,
          uniq_crazy_yiuf_cottage, uniq_eustachio
D:6:      old_standard_altar, serial_shops, nicolae_shop_crystal
D:7:      nicolae_overflow_crystal_walls, nicolae_ru_great_annihilating_truth,
          the_bakery

Skill      XL: |  1  2  3  4  5  6  7  8  9 |
---------------+----------------------------+-----
Axes           | 3 4 5 6 7 8 9 11 | 11.2
Fighting       | 4 5 6 8 9 |  9.6
Armour         | 4 5 |  5.9
Shields        | 4 6 |  6.8

Action                   |  1- 3 |  4- 6 |  7- 9 || total
-------------------------+-------+-------+-------++-------
Melee: War axe           |   125 |   221 |   320 ||   666
       Peck              |       |     9 |    68 ||    77
Evoke: Wand              |       |       |    18 ||    18
  Use: Scroll            |     2 |     2 |    13 ||    17
       Potion            |       |     6 |     5 ||    11
 Stab: Paralysed         |       |       |     1 ||     1
  Eat: Chunk             |       |     9 |     3 ||    12
       Fruit             |       |       |     4 ||     4
       Royal jelly       |       |       |     4 ||     4
Armor: Scale mail        |    56 |    15 |       ||    71
       Chain mail        |       |    86 |   120 ||   206
       Skin              |       |       |     7 ||     7
       Ring mail         |       |       |    16 ||    16
Dodge: Dodged            |    44 |    47 |   130 ||   221
Block: Shield            |    67 |   111 |     8 ||   186
       Buckler           |       |       |    93 ||    93

Table legend:
 A = Spawn XP
 B = Non-spawn XP
 C = Spawn XP percentage of total XP
 D = Spawn monster count
 E = Non-spawn monster count
 F = Spawn count percentage of total count
 G = Total turns spent on level
                    A         B        C        D         E        F      G
               +---------+---------+-------+---------+---------+-------+---------
         Total |       0 |    4265 |   0.0 |       0 |     177 |   0.0 |  7617
               +---------+---------+-------+---------+---------+-------+---------
           D:1 |       0 |      69 |   0.0 |       0 |      36 |   0.0 |   969
           D:2 |       0 |     271 |   0.0 |       0 |      44 |   0.0 |  1443
           D:3 |       0 |      58 |   0.0 |       0 |      12 |   0.0 |   783
           D:4 |       0 |     559 |   0.0 |       0 |      21 |   0.0 |  1187
           D:5 |       0 |     910 |   0.0 |       0 |      25 |   0.0 |  1052
           D:6 |       0 |     801 |   0.0 |       0 |      16 |   0.0 |  1137
           D:7 |       0 |    1597 |   0.0 |       0 |      23 |   0.0 |  1046
               +---------+---------+-------+---------+---------+-------+---------
